 Dungeon Crawl Stone Soup version 0.28.0 (webtiles) character file.

Game seed: 17718504918972014622

39515 GrayStillPlays the Blocker (level 14, -1/115 HPs)
             Began as a Gnoll Fighter on Feb 7, 2022.
             Was a Believer of Ashenzari.
             Shot with a bolt by an orc knight (31 damage)
             ... on level 11 of the Dungeon.
             The game lasted 01:12:54 (18257 turns).

GrayStillPlays the Blocker (Gnoll Fighter)         Turns: 18257, Time: 01:12:55

Health: -1/115     AC: 13    Str: 15    XL:     14   Next: 6%
Magic:  26/28      EV: 15    Int: 19    God:    Ashenzari [**....]
Gold:   1128       SH:  7    Dex: 12    Spells: 20/33 levels left

rFire   . . .      SeeInvis +   n - +7 rapier (speed) {short}
rCold   . . .      Faith    .   c - +0 buckler of the Ether {Bglg, Alch} (curse)
rNeg    . . .      Spirit   .   J - +2 troll leather armour {Snorg}
rPois   .          Reflect  .   u - +0 hat of the Lashed Relativism {Stlth+, Cun, Melee} (curse)
rElec   .          Harm     .   K - +1 cloak
rCorr   .          Rampage  .   C - +0 pair of gloves "Ensconced Repose" {Self, Alch} (curse)
Will    +....                   T - +0 pair of boots "Shackled Mistrust" {Elem, Fort} (curse)
Stlth   +++++.....              q - amulet of regeneration {@e2}
HPRegen 1.89/turn               a - +6 ring of intelligence
MPRegen 0.21/turn               e - ring of see invisible

@: no status effects
A: fangs 1, strong nose, distributed training
a: Renounce Religion, Curse Item, Shatter the Chains


You were on level 11 of the Dungeon.
You worshipped Ashenzari.
Ashenzari was pleased with you.
You visited 4 branches of the dungeon, and saw 18 of its levels.
You also visited: Bailey and Volcano.

You collected 1128 gold pieces.


Innate Abilities, Weirdness & Mutations

You have very sharp teeth.
Your uncanny sense of smell can sniff out nearby items.
Your experience applies equally to all skills.


   Skills:
 + Level 11.0(12.2) Fighting
 + Level 8.9(10.1) Short Blades
 + Level 8.9(10.1) Long Blades
 + Level 10.0(11.2) Axes
 + Level 8.9(10.1) Maces & Flails
 + Level 8.9(10.1) Polearms
 + Level 8.9(10.1) Staves
 + Level 8.9 Slings
 + Level 8.9 Bows
 + Level 8.9 Crossbows
 + Level 8.9 Throwing
 + Level 11.0(12.2) Armour
 + Level 8.9(10.1) Dodging
 + Level 8.9(10.1) Stealth
 + Level 11.0(12.2) Shields
 + Level 8.9(10.1) Unarmed Combat
 + Level 8.9(10.1) Spellcasting
 + Level 7.4(8.7) Conjurations
 + Level 7.4(8.7) Hexes
 + Level 7.4 Summonings
 + Level 7.4 Necromancy
 + Level 7.4(8.7) Translocations
 + Level 7.4(9.3) Transmutations
 + Level 7.4(8.7) Fire Magic
 + Level 7.4(8.7) Ice Magic
 + Level 7.4(8.7) Air Magic
 + Level 7.4(8.7) Earth Magic
 + Level 7.4(9.3) Poison Magic
 + Level 9.7 Invocations
 + Level 8.9 Evocations


You had 20 spell levels left.
You knew the following spells:

 Your Spells              Type           Power      Damage    Failure   Level
a - Searing Ray           Conj           84%        2d7       1%          2
b - Summon Guardian Gole  Hex/Summ       40%        N/A       1%          3
c - Olgreb's Toxic Radia  Pois           45%        N/A       1%          4
d - Fulminant Prism       Conj/Hex       21%        3d13      2%          4

Your spell library contained the following spells:

 Spells                   Type           Power      Damage    Failure   Level
 Magic Dart               Conj           100%       1d8       1%          1
 Sting                    Tmut/Pois      100%       1d8       1%          1
 Summon Small Mammal      Summ           100%       N/A       1%          1
 Poisonous Vapours        Pois/Air       88%        N/A       1%          2
 Call Canine Familiar     Summ           37%        N/A       1%          3
 Gell's Gravitas          Tloc           42%        N/A       1%          3
 Ignite Poison            Fire/Tmut/Pois 44%        N/A       1%          3
 Lesser Beckoning         Tloc           42%        N/A       1%          3
 Portal Projectile        Hex/Tloc       84%        N/A       1%          3
 Teleport Other           Tloc           42%        N/A       1%          3
 Leda's Liquefaction      Hex/Erth       21%        N/A       2%          4
 Summon Lightning Spire   Summ/Air       40%        N/A       3%          4
 Alistair's Intoxication  Tmut/Pois      30%        N/A       6%          5
 Blade Hands              Tmut           22%        N/A       6%          5
 Fireball                 Conj/Fire      21%        3d10      8%          5
 Lee's Rapid Deconstruct  Erth           21%        3d13*     8%          5
 Borgnjor's Vile Clutch   Necr/Erth      20%        N/A       10%         5
 Excruciating Wounds      Necr           18%        N/A       13%         5
 Eringya's Noxious Bog    Tmut/Pois      22%        N/A       32%         6
 Statue Form              Tmut/Erth      29%        N/A       36%         6
 Dispersal                Tloc           21%        N/A       38%         6
 Storm Form               Tmut/Air       22%        N/A       90%         7
 Maxwell's Capacitive Co  Air            21%        ∞         100%        8

Inventory:

Hand Weapons
 n - a +7 rapier of speed (weapon) {short}
   (You found it on level 2 of the Lair of Beasts)
 X - a +1 triple sword of flaming {longrare=g}
   (You found it in a volcano)
Missiles
 l - 424 stones (quivered) {throwing}
 m - 5 sling bullets
 z - 32 poisoned darts {throwing}
 D - 5 javelins {throwing}
 U - 5 curare-tipped darts {=fthrowing}
Armour
 c - the cursed +0 buckler of the Ether (worn) {Bglg, Alch}

   It has a curse which improves the following skills: Beguiling: Conjurations,
   Hexes and Translocations.
   Alchemy:   Poison Magic and Transmutations.
 u - the cursed +0 hat of the Lashed Relativism (worn) {Stlth+, Cun, Melee}
   (You took it off Gastronok on level 10 of the Dungeon)

   It has a curse which improves the following skills: Cunning: Dodging and
   Stealth.
   Melee Combat: Short Blades, Long Blades, Axes, Maces & Flails, Polearms,
   Staves and Unarmed Combat.
 y - a +1 scale mail of fire resistance
   (You took it off an orc on level 4 of the Dungeon)
 C - the cursed +0 pair of gloves "Ensconced Repose" (worn) {Self, Alch}
   (You found it on level 6 of the Dungeon)

   It has a curse which improves the following skills: Introspection: Fighting
   and Spellcasting.
   Alchemy:   Poison Magic and Transmutations.
 F - a +3 scale mail
   (You took it off an orc on level 11 of the Dungeon)
 J - a +2 troll leather armour (worn) {Snorg}
   (You found it on level 5 of the Lair of Beasts)
 K - a +1 cloak (worn)
   (You found it on level 11 of the Dungeon)
 T - the cursed +0 pair of boots "Shackled Mistrust" (worn) {Elem, Fort}
   (You found it on level 10 of the Dungeon)

   It has a curse which improves the following skills: Elements: Fire Magic, Ice
   Magic, Air Magic and Earth Magic.
   Fortitude: Armour and Shields.
Jewellery
 a - a +6 ring of intelligence (left hand)
   (You found it on level 2 of the Lair of Beasts)
 e - a ring of see invisible (right hand)
   (You found it on level 1 of the Dungeon)
 j - a ring of wizardry
   (You found it on level 1 of the Dungeon)
 q - an amulet of regeneration (around neck) {@e2}
   (You found it on level 3 of the Dungeon)
 I - a ring of wizardry
   (You found it on level 4 of the Lair of Beasts)
Wands
 k - a wand of polymorph (12)
   (You took it off Ijyb on level 3 of the Dungeon)
 w - a wand of paralysis (14)
   (You found it on level 3 of the Dungeon)
 B - a wand of digging (10)
   (You found it on level 3 of the Lair of Beasts)
Scrolls
 b - 2 scrolls of enchant weapon
 f - a scroll of summoning
 g - 5 scrolls of fog
 i - 7 scrolls of fear
 o - a scroll of immolation {!r!r}
 p - 2 scrolls of blinking {!r}
 s - 5 scrolls of vulnerability {!r!r}
 x - 7 scrolls of teleportation {@r4}
 E - a scroll of brand weapon
Potions
 d - 8 potions of might
 h - 3 potions of brilliance
 r - a potion of resistance
 t - 7 potions of haste {@q3}
 v - 2 potions of flight
 A - 2 potions of ambrosia
 G - 7 potions of curing {@q1}
 H - 4 potions of mutation {!q}
 L - 2 potions of berserk rage {!q}
 M - a potion of invisibility
 N - 6 potions of heal wounds {@q2}
 O - a potion of experience
 P - a potion of magic
 Q - 2 potions of cancellation
 Z - 2 potions of lignification {!q}
Miscellaneous
 R - a phantom mirror
   (You found it on level 5 of the Lair of Beasts)
 W - a tin of tremorstones (2/2) {throwing}
   (You found it in a volcano)
 Y - a phial of floods
   (You found it on level 2 of the Lair of Beasts)

Dungeon Overview and Level Annotations

Branches:
Dungeon (11/15)            Temple (1/1) D:4            Lair (5/6) D:9
  Swamp (0/4) Lair:4       Spider (0/4) Lair:4        Slime (0/5) Lair:5
    Orc (1/2) D:11         Bailey (visited)         Volcano (visited)

Altars:
Ashenzari
Cheibriados
Dithmenos
Elyvilon
Fedhas
Gozag
Hepliaklqana
Kikubaaqudgha
Makhleb
Nemelex Xobeh
Okawaru
Qazlal
Ru
Sif Muna
Trog
Uskayaw
Vehumet
Wu Jian
Xom
Yredelemnul
Zin
The Shining One
Jiyva

Shops:
D:10 [

Annotations:
D:3 1 runed translucent door, Crazy Yiuf

###########..#......#.....####...
.....#..........#...#.....#......
.....#..........#...#.....#......
.....#..........#...#.....####...
.....#.<.....#..#...#######......
###..#########..#.........#......
.............#######.........#...
.................[...........####
.............###@##########......
.............#8[[)8##........#...
.............#[oo..##........#...
.............#..>)[##........####
.............#.)...########......
.............#8...8#......#......
.............#######[.....####...
.............#...................
.............#...................


You could see an orc knight (poisoned) and an orc warrior (strong).


Message History

You destroy the centaur warrior zombie! 😕 HP[+2]
You regained 2 hp, and now have 105/115 hp. 😕 HP[+2]
You regained 2 hp, and now have 107/115 hp.
You now have 1128 gold pieces (gained 12).
Done exploring. 😎 HP[+8]
Your hp is fully restored (115).
Done exploring.
There is a stone staircase leading down here.
Things that are here:
a +0 short sword {short}; 3 boomerangs {throwing}; a +0 chain mail
There is an open door, spattered with blood here.
Items here: )))) [[.
Things that are here:
a +0 glaive of holy wrath {polearm}; a +0 plate armour; a +0 short sword {short}
There is a staircase to the Orcish Mines here.
You climb downwards.
Welcome to the Orcish Mines!
Found 110 gold pieces.
Found a stone staircase leading down.
There is a staircase back to the Dungeon here.
Casting: Olgreb's Toxic Radiance (mildly dangerous; 2% risk of failure)
Confirm with . or Enter, or press ? or * to list all spells.
You don't know that spell.
Casting: Olgreb's Toxic Radiance (mildly dangerous; 2% risk of failure)
Confirm with . or Enter, or press ? or * to list all spells.
You begin to radiate toxic energy.
The orc knight is poisoned.
The orc warrior shouts!
The orc warrior is poisoned.
The orc warrior shouts!
The orc warrior is poisoned.
The ogre is poisoned.
The orc wizard is poisoned.
The ogre looks even sicker.
The orc wizard looks even sicker.
The orc wizard casts a spell.
The orc wizard flickers and vanishes for a moment.
You block the orc warrior's attack.
The orc knight roars a battlecry!
The orcs go into a battle-frenzy! 😎 MP[-4]
You lost 4 mp, and now have 24/28 mp.
You puncture the ogre!
The orc warrior looks even sicker.
You puncture the ogre!
You kill the ogre!
The orc wizard looks even sicker.
Your toxic aura wanes.
The orc knight hits you with a +0 battleaxe!! 😕 HP[-24]
You take 24 damage, and now have 91/115 hp.
MASSIVE DAMAGE!! (PAUSE)
You completely miss the orc warrior.
You bite the orc warrior, but do no damage.
The orc warrior barely misses you. 😕 HP[+1]
You hit the orc warrior but do no damage.
The orc warrior barely misses you.
The orc knight hits you but does no damage. 😕 HP[+1]
You hit the orc warrior.
The orc warrior hits you with a +0 mace! 😮 HP[-7]
You take 7 damage, and now have 86/115 hp.
You puncture the orc wizard!
You kill the orc wizard!
The orc warrior hits you with a +0 trident!! 😮 HP[-20]
You take 20 damage, and now have 66/115 hp.
You barely miss the orc warrior.
You bite the orc warrior, but do no damage.
The orc knight hits you but does no damage.
The orc warrior misses you. 😮 HP[+1]
You hit the orc warrior.
The orc warrior hits you with a +0 trident!
* * * LOW HITPOINT WARNING * * *
😨 HP[-14] MP[+1]
You take 14 damage, and now have 53/115 hp.
You puncture the orc warrior!
You kill the orc warrior!
The orc knight closely misses you. 😨 HP[+1]
The orc warrior hits you with a +0 trident!!
* * * LOW HITPOINT WARNING * * *
The orc knight closely misses you.
You climb upwards.
Welcome back to the Dungeon!
There is a staircase to the Orcish Mines here. 😨 HP[-20]
You take 20 damage, and now have 34/115 hp.
The orc warrior looks more healthy.
The orc warrior hits you from afar with a +0 trident.
* * * LOW HITPOINT WARNING * * *
The orc knight hits you with a +0 battleaxe!
* * * LOW HITPOINT WARNING * * *
😱 HP[-8]
You take 8 damage, and now have 26/115 hp.
Things that are here:
a +0 plate armour; a +0 glaive of holy wrath {polearm}; a +0 short sword {short} 😱 HP[+2] MP[+1]
You regained 2 hp, and now have 28/115 hp.
The orc knight unwields a +0 battleaxe.
The orc knight wields a +0 arbalest.
The orc knight shoots a bolt.
The bolt hits you!!
You die...

Skill      XL: |  1  2  3  4  5  6  7  8  9 10 11 12 13 |
---------------+----------------------------------------+-----
Invocations    | 2 3 4 5 6 7 8 9 |  9.7
Short Blades   | 1 2 3 5 6 7 8 |  8.9
Long Blades    | 1 2 3 5 6 7 8 |  8.9
Maces & Flails | 1 2 3 5 6 7 8 |  8.9
Polearms       | 1 2 3 5 6 7 8 |  8.9
Staves         | 1 2 3 5 6 7 8 |  8.9
Slings         | 1 2 3 5 6 7 8 |  8.9
Bows           | 1 2 3 5 6 7 8 |  8.9
Crossbows      | 1 2 3 5 6 7 8 |  8.9
Throwing       | 1 2 3 5 6 7 8 |  8.9
Dodging        | 1 2 3 5 6 7 8 |  8.9
Stealth        | 1 2 3 5 6 7 8 |  8.9
Unarmed Combat | 1 2 3 5 6 7 8 |  8.9
Spellcasting   | 1 2 3 5 6 7 8 |  8.9
Conjurations   | 1 2 3 4 5 6 7 |  7.4
Hexes          | 1 2 3 4 5 6 7 |  7.4
Summonings     | 1 2 3 4 5 6 7 |  7.4
Necromancy     | 1 2 3 4 5 6 7 |  7.4
Translocations | 1 2 3 4 5 6 7 |  7.4
Transmutations | 1 2 3 4 5 6 7 |  7.4
Fire Magic     | 1 2 3 4 5 6 7 |  7.4
Ice Magic      | 1 2 3 4 5 6 7 |  7.4
Air Magic      | 1 2 3 4 5 6 7 |  7.4
Earth Magic    | 1 2 3 4 5 6 7 |  7.4
Poison Magic   | 1 2 3 4 5 6 7 |  7.4
Evocations     | 1 2 3 5 6 7 8 |  8.9
Axes           | 5 6 7 8 9 10 | 10.0
Fighting       | 7 8 9 10 11 | 11.0
Armour         | 7 8 9 10 11 | 11.0
Shields        | 7 8 9 10 11 | 11.0

Action                   |  1- 3 |  4- 6 |  7- 9 | 10-12 | 13-15 || total
-------------------------+-------+-------+-------+-------+-------++-------
Melee: War axe           |    56 |       |       |       |       ||    56
       Bite              |     4 |     7 |     9 |       |    69 ||    89
       Flail             |    29 |    80 |    97 |       |       ||   206
       Unarmed           |       |    11 |       |       |       ||    11
       Rapier            |       |       |       |       |   471 ||   471
 Fire: Hunting sling     |       |       |   102 |   609 |    21 ||   732
Throw: Dart              |       |       |    16 |    22 |     4 ||    42
       Boomerang         |       |       |     3 |       |       ||     3
       Stone             |       |       |       |       |     1 ||     1
 Cast: Summon Guardian G |       |       |       |     7 |       ||     7
       Searing Ray       |       |       |       |     9 |       ||     9
       Olgreb's Toxic Ra |       |       |       |     7 |     3 ||    10
       Fulminant Prism   |       |       |       |     4 |     5 ||     9
Invok: Curse Item        |       |       |       |     2 |     2 ||     4
Evoke: Wand              |       |       |     1 |     1 |       ||     2
       Tin of tremorston |       |       |       |     1 |       ||     1
  Use: Scroll            |       |     4 |     5 |     1 |     1 ||    11
       Potion            |       |       |       |     2 |       ||     2
 Stab: Sleeping          |       |       |       |       |    22 ||    22
Armor: Scale mail        |    29 |    45 |    59 |       |       ||   133
       Skin              |       |     2 |       |       |       ||     2
       Swamp dragon scal |       |       |       |   110 |    72 ||   182
       Troll leather arm |       |       |       |       |    37 ||    37
Dodge: Dodged            |    45 |    40 |    59 |   200 |   181 ||   525
Block: Buckler           |    26 |    17 |    35 |   127 |   105 ||   310

Levels and vault maps discovered:
D:1:      noname_arrival_rooms_in_the_neighbourhood, layout_rooms,
          chequers_ecumenical_altar_lobes, minmay_misc_feat_five,
          chequers_serial_rivers_marsh, hex_large
D:2:      layout_basic, basic_altar
D:3:      layout_rooms, general_overflow_altar, amcnicky_altar_gilded,
          minitemple, uniq_ijyb, uniq_grinder, uniq_jessica,
          uniq_crazy_yiuf_cottage
D:4:      layout_loops_cross, xom_teletrap_fun, okawaru_trees_1, temple_green,
          hangedman_decor_slide_cut
D:5:      layout_gridville, mainiacjoe_overflow_alcove_4,
          nicolae_elevator_lobby_asterisk
D:6:      kennysheep_big_flooded_room, layout_layer_cave, uniq_maggie
D:7:      layout_cave_pools, yredelemnul_altar_generic
D:8:      layout_basic
D:9:      layout_loops_ring, dpeg_oklobed_lair, enter_bailey_5
D:10:     layout_roguey, ebering_ghost_reflecting_pool, serial_shops,
          nicolae_shop_overgrown_old_shop, minmay_misc_feat_four_crosses,
          uniq_gastronok
D:11:     layout_grid_maze, kennysheep_orc_monster_closet_entryway
Temple:   nicolae_temple_figure_eight
Lair:1:   layout_regular_city, nicolae_volcano_entry_hallway
Lair:2:   nzn_winding_woodlands_stair_trap [nzn_winding_woodlands_5x15_pockets,
          nzn_winding_woodlands_5x15_split_checker,
          nzn_winding_woodlands_5x15_pathside_ponds,
          nzn_winding_woodlands_15x15_thick_spiral,
          nzn_winding_woodlands_5x15_longhouse,
          nzn_winding_woodlands_5x15_zeroes,
          nzn_winding_woodlands_5x15_sawtooth], layout_chaotic_city
Lair:3:   layout_regular_city
Lair:4:   layout_gridlike, minmay_swamp_entry_reptiles,
          nicolae_spider_entry_non_spiders, beast_lair_carwin_3,
          lemuel_fruit_fields, infiniplex_staircase_pool
Lair:5:   layout_misc_corridors, dpeg_slime_entry_enclosed_altar, uniq_snorg
Orc:1:    layout_caves, mines2_lemuel

Notes
Turn   | Place    | Note
-------+----------+-------------------------------------------
     0 | D:1      | GrayStillPlays the Gnoll Fighter began the quest for the
                  | Orb.
     0 | D:1      | Reached XP level 1. HP: 23/23 MP: 1/1
     0 | D:1      | magus.rc [v1.9.6]
    92 | D:1      | Reached XP level 2. HP: 23/29 MP: 2/2
   594 | D:1      | Reached XP level 3. HP: 34/35 MP: 3/3
   708 | D:1      | Found a faded altar of an unknown god.
   894 | D:2      | Found a glowing silver altar of Zin.
  1065 | D:2      | You pick up a book of Weapons and begin reading...
  1065 | D:2      | You add the spells Portal Projectile, Excruciating Wounds
                  | and Blade Hands to your library.
  1915 | D:3      | Noticed Grinder
  1927 | D:3      | Reached skill level 1 in Invocations
  2045 | D:3      | Found a snail-covered altar of Cheibriados.
  2094 | D:3      | Paralysed by Grinder for 5 turns
  2101 | D:3      | HP: 8/35 [Grinder (3)]
  2104 | D:3      | Killed Grinder
  2105 | D:3      | Reached skill level 1 in Short Blades
  2105 | D:3      | Reached skill level 1 in Long Blades
  2105 | D:3      | Reached skill level 1 in Maces & Flails
  2105 | D:3      | Reached skill level 1 in Polearms
  2105 | D:3      | Reached skill level 1 in Staves
  2105 | D:3      | Reached skill level 1 in Slings
  2105 | D:3      | Reached skill level 1 in Bows
  2105 | D:3      | Reached skill level 1 in Crossbows
  2105 | D:3      | Reached skill level 1 in Throwing
  2105 | D:3      | Reached skill level 1 in Dodging
  2105 | D:3      | Reached skill level 1 in Stealth
  2105 | D:3      | Reached skill level 1 in Unarmed Combat
  2105 | D:3      | Reached skill level 1 in Spellcasting
  2105 | D:3      | Reached skill level 1 in Conjurations
  2105 | D:3      | Reached skill level 1 in Hexes
  2105 | D:3      | Reached skill level 1 in Summonings
  2105 | D:3      | Reached skill level 1 in Necromancy
  2105 | D:3      | Reached skill level 1 in Translocations
  2105 | D:3      | Reached skill level 1 in Transmutations
  2105 | D:3      | Reached skill level 1 in Fire Magic
  2105 | D:3      | Reached skill level 1 in Ice Magic
  2105 | D:3      | Reached skill level 1 in Air Magic
  2105 | D:3      | Reached skill level 1 in Earth Magic
  2105 | D:3      | Reached skill level 1 in Poison Magic
  2105 | D:3      | Reached skill level 2 in Invocations
  2105 | D:3      | Reached skill level 1 in Evocations
  2105 | D:3      | Reached XP level 4. HP: 13/41 MP: 4/6
  2105 | D:3      | Reached XP level 5. HP: 15/47 MP: 4/7
  2105 | D:3      | Reached XP level 6. HP: 18/53 MP: 4/8
  2213 | D:3      | Found a shimmering blue altar of Sif Muna.
  2244 | D:3      | You pick up a book of Conjurations {@e2} and begin
                  | reading...
  2244 | D:3      | You add the spells Magic Dart, Searing Ray and Fulminant
                  | Prism to your library.
  2267 | D:3      | Found a radiant altar of Vehumet.
  2268 | D:3      | Noticed Ijyb
  2305 | D:3      | Killed Ijyb
  2543 | D:3      | Found a runed translucent door.
  2544 | D:3      | Noticed Crazy Yiuf
  2623 | D:3      | Noticed Jessica
  2630 | D:3      | Killed Jessica
  2631 | D:3      | Reached skill level 5 in Axes
  2673 | D:3      | Found an ancient bone altar of Kikubaaqudgha.
  2677 | D:3      | Found a stormy altar of Qazlal.
  2932 | D:4      | Reached skill level 2 in Short Blades
  2932 | D:4      | Reached skill level 2 in Long Blades
  2932 | D:4      | Reached skill level 2 in Maces & Flails
  2932 | D:4      | Reached skill level 2 in Polearms
  2932 | D:4      | Reached skill level 2 in Staves
  2932 | D:4      | Reached skill level 2 in Slings
  2932 | D:4      | Reached skill level 2 in Bows
  2932 | D:4      | Reached skill level 2 in Crossbows
  2932 | D:4      | Reached skill level 2 in Throwing
  2932 | D:4      | Reached skill level 2 in Dodging
  2932 | D:4      | Reached skill level 2 in Stealth
  2932 | D:4      | Reached skill level 2 in Unarmed Combat
  2932 | D:4      | Reached skill level 2 in Spellcasting
  2932 | D:4      | Reached skill level 2 in Evocations
  2967 | D:4      | Found an iron altar of Okawaru.
  3016 | D:4      | Found a staircase to the Ecumenical Temple.
  3022 | Temple   | Entered the Ecumenical Temple
  3333 | D:4      | Reached XP level 7. HP: 44/59 MP: 10/10
  3399 | D:4      | Reached skill level 7 in Fighting
  3399 | D:4      | Reached skill level 7 in Armour
  3399 | D:4      | Reached skill level 7 in Shields
  3459 | D:4      | Reached skill level 2 in Conjurations
  3459 | D:4      | Reached skill level 2 in Hexes
  3459 | D:4      | Reached skill level 2 in Summonings
  3459 | D:4      | Reached skill level 2 in Necromancy
  3459 | D:4      | Reached skill level 2 in Translocations
  3459 | D:4      | Reached skill level 2 in Transmutations
  3459 | D:4      | Reached skill level 2 in Fire Magic
  3459 | D:4      | Reached skill level 2 in Ice Magic
  3459 | D:4      | Reached skill level 2 in Air Magic
  3459 | D:4      | Reached skill level 2 in Earth Magic
  3459 | D:4      | Reached skill level 2 in Poison Magic
  3507 | D:4      | Found a shimmering altar of Xom.
  3951 | D:4      | Reached skill level 3 in Invocations
  4076 | D:5      | Entered Level 5 of the Dungeon
  4163 | D:4      | Reached XP level 8. HP: 49/67 MP: 12/12
  4301 | D:5      | Reached skill level 3 in Short Blades
  4301 | D:5      | Reached skill level 3 in Long Blades
  4301 | D:5      | Reached skill level 3 in Maces & Flails
  4301 | D:5      | Reached skill level 3 in Polearms
  4301 | D:5      | Reached skill level 3 in Staves
  4301 | D:5      | Reached skill level 3 in Slings
  4301 | D:5      | Reached skill level 3 in Bows
  4301 | D:5      | Reached skill level 3 in Crossbows
  4301 | D:5      | Reached skill level 3 in Throwing
  4301 | D:5      | Reached skill level 3 in Dodging
  4301 | D:5      | Reached skill level 3 in Stealth
  4301 | D:5      | Reached skill level 3 in Unarmed Combat
  4301 | D:5      | Reached skill level 3 in Spellcasting
  4301 | D:5      | Reached skill level 3 in Evocations
  4394 | D:5      | You add the spells Gell's Gravitas, Teleport Other and
                  | Dispersal to your library.
  4500 | D:5      | Found a broken altar of Ashenzari.
  4509 | D:5      | Became a worshipper of Ashenzari the Shackled
  4531 | D:5      | Identified the +8 hunting sling of the Grave {flame, Drain
                  | rCorr Dex+7}
  4872 | D:5      | You pick up a book of Displacement and begin reading...
  5115 | D:6      | Reached skill level 3 in Conjurations
  5115 | D:6      | Reached skill level 3 in Hexes
  5115 | D:6      | Reached skill level 3 in Summonings
  5115 | D:6      | Reached skill level 3 in Necromancy
  5115 | D:6      | Reached skill level 3 in Translocations
  5115 | D:6      | Reached skill level 3 in Transmutations
  5115 | D:6      | Reached skill level 3 in Fire Magic
  5115 | D:6      | Reached skill level 3 in Ice Magic
  5115 | D:6      | Reached skill level 3 in Air Magic
  5115 | D:6      | Reached skill level 3 in Earth Magic
  5115 | D:6      | Reached skill level 3 in Poison Magic
  5115 | D:6      | Reached skill level 4 in Invocations
  5280 | D:6      | Reached skill level 6 in Axes
  5280 | D:6      | Noticed Maggie
  5282 | D:6      | Reached XP level 9. HP: 72/72 MP: 14/14
  5291 | D:6      | Killed Maggie
  5292 | D:6      | Reached skill level 4 in Short Blades
  5292 | D:6      | Reached skill level 4 in Long Blades
  5292 | D:6      | Reached skill level 4 in Maces & Flails
  5292 | D:6      | Reached skill level 4 in Polearms
  5292 | D:6      | Reached skill level 4 in Staves
  5292 | D:6      | Reached skill level 4 in Slings
  5292 | D:6      | Reached skill level 4 in Bows
  5292 | D:6      | Reached skill level 4 in Crossbows
  5292 | D:6      | Reached skill level 4 in Throwing
  5292 | D:6      | Reached skill level 4 in Dodging
  5292 | D:6      | Reached skill level 4 in Stealth
  5292 | D:6      | Reached skill level 4 in Unarmed Combat
  5292 | D:6      | Reached skill level 4 in Spellcasting
  5292 | D:6      | Reached skill level 4 in Evocations
  5600 | D:6      | Noticed a two-headed ogre
  5607 | D:6      | Killed a two-headed ogre
  5608 | D:6      | Reached skill level 8 in Fighting
  5608 | D:6      | Reached skill level 8 in Armour
  5608 | D:6      | Reached skill level 8 in Shields
  5678 | D:6      | Noticed a troll
  5687 | D:6      | Killed a troll
  5688 | D:6      | Reached skill level 5 in Invocations
  5942 | D:6      | Noticed a two-headed ogre
  5966 | D:6      | Killed a two-headed ogre
  5967 | D:6      | Reached skill level 5 in Short Blades
  5967 | D:6      | Reached skill level 5 in Long Blades
  5967 | D:6      | Reached skill level 5 in Maces & Flails
  5967 | D:6      | Reached skill level 5 in Polearms
  5967 | D:6      | Reached skill level 5 in Staves
  5967 | D:6      | Reached skill level 5 in Slings
  5967 | D:6      | Reached skill level 5 in Bows
  5967 | D:6      | Reached skill level 5 in Crossbows
  5967 | D:6      | Reached skill level 5 in Throwing
  5967 | D:6      | Reached skill level 5 in Dodging
  5967 | D:6      | Reached skill level 5 in Stealth
  5967 | D:6      | Reached skill level 5 in Unarmed Combat
  5967 | D:6      | Reached skill level 5 in Spellcasting
  5967 | D:6      | Reached skill level 4 in Conjurations
  5967 | D:6      | Reached skill level 4 in Hexes
  5967 | D:6      | Reached skill level 4 in Summonings
  5967 | D:6      | Reached skill level 4 in Necromancy
  5967 | D:6      | Reached skill level 4 in Translocations
  5967 | D:6      | Reached skill level 4 in Transmutations
  5967 | D:6      | Reached skill level 4 in Fire Magic
  5967 | D:6      | Reached skill level 4 in Ice Magic
  5967 | D:6      | Reached skill level 4 in Air Magic
  5967 | D:6      | Reached skill level 4 in Earth Magic
  5967 | D:6      | Reached skill level 4 in Poison Magic
  5967 | D:6      | Reached skill level 5 in Evocations
  5967 | D:6      | Reached XP level 10. HP: 64/81 MP: 17/17
  6325 | D:7      | Reached skill level 7 in Axes
  6675 | D:7      | Found a basalt altar of Yredelemnul.
  6689 | D:7      | Identified the +1 robe of Toxumef {Int+3}
  7213 | D:8      | Noticed a boulder beetle
  7227 | D:8      | Learned a level 2 spell: Searing Ray
  7259 | D:8      | Killed a boulder beetle
  7260 | D:8      | Reached skill level 6 in Invocations
  7638 | D:8      | Reached * piety under Ashenzari
  7723 | D:9      | Found a flagged portal.
  7823 | Bailey   | Entered a bailey
  8072 | Bailey   | Identified a potion of experience
  8072 | Bailey   | Noticed an orc knight
  8088 | Bailey   | Killed an orc knight
  8089 | Bailey   | Reached XP level 11. HP: 89/90 MP: 19/21
  8264 | D:9      | Noticed a boulder beetle
  8279 | D:9      | Killed a boulder beetle
  8280 | D:9      | Reached skill level 9 in Fighting
  8280 | D:9      | Reached skill level 6 in Short Blades
  8280 | D:9      | Reached skill level 6 in Long Blades
  8280 | D:9      | Reached skill level 6 in Maces & Flails
  8280 | D:9      | Reached skill level 6 in Polearms
  8280 | D:9      | Reached skill level 6 in Staves
  8280 | D:9      | Reached skill level 6 in Slings
  8280 | D:9      | Reached skill level 6 in Bows
  8280 | D:9      | Reached skill level 6 in Crossbows
  8280 | D:9      | Reached skill level 6 in Throwing
  8280 | D:9      | Reached skill level 9 in Armour
  8280 | D:9      | Reached skill level 6 in Dodging
  8280 | D:9      | Reached skill level 6 in Stealth
  8280 | D:9      | Reached skill level 9 in Shields
  8280 | D:9      | Reached skill level 6 in Unarmed Combat
  8280 | D:9      | Reached skill level 6 in Spellcasting
  8280 | D:9      | Reached skill level 6 in Evocations
  8419 | D:9      | Reached skill level 5 in Conjurations
  8419 | D:9      | Reached skill level 5 in Hexes
  8419 | D:9      | Reached skill level 5 in Summonings
  8419 | D:9      | Reached skill level 5 in Necromancy
  8419 | D:9      | Reached skill level 5 in Translocations
  8419 | D:9      | Reached skill level 5 in Transmutations
  8419 | D:9      | Reached skill level 5 in Fire Magic
  8419 | D:9      | Reached skill level 5 in Ice Magic
  8419 | D:9      | Reached skill level 5 in Air Magic
  8419 | D:9      | Reached skill level 5 in Earth Magic
  8419 | D:9      | Reached skill level 5 in Poison Magic
  8607 | D:9      | Found a staircase to the Lair.
  8713 | D:9      | You pick up a book of Callings and begin reading...
  8713 | D:9      | You add the spells Summon Small Mammal, Call Canine
                  | Familiar and Summon Guardian Golem to your library.
  8718 | D:9      | Learned a level 3 spell: Summon Guardian Golem
  8993 | D:10     | Entered Level 10 of the Dungeon
  8997 | D:10     | Found a runed translucent door.
  9000 | D:10     | Noticed belegose's ghost (novice DsAM)
  9163 | D:10     | Noticed a two-headed ogre
  9176 | D:10     | Killed a two-headed ogre
  9497 | D:10     | Noticed Gastronok
  9529 | D:10     | HP: 22/90 [Gastronok/the air (17)]
  9554 | D:10     | Killed Gastronok
  9555 | D:10     | Reached skill level 7 in Invocations
  9750 | D:10     | Found Tyseumo's Antique Armour Boutique.
  9936 | D:10     | Killed belegose's ghost
  9937 | D:10     | Reached skill level 8 in Axes
  9950 | D:10     | You add the spells Sting, Poisonous Vapours and Olgreb's
                  | Toxic Radiance to your library.
 10004 | D:11     | Noticed a four-headed hydra
 10029 | D:11     | Killed a four-headed hydra
 10081 | D:11     | Noticed a green ugly thing
 10204 | Lair:1   | Entered Level 1 of the Lair of Beasts
 10397 | Lair:1   | Found a dark tunnel.
 10405 | Volcano  | Entered a volcano
 10454 | Volcano  | X - a +1 triple sword of flaming {longrare=g}
 10478 | Volcano  | Reached XP level 12. HP: 51/98 MP: 23/23
 10836 | Lair:1   | You drop a +1 triple sword of flaming {longrare=g}.
 10852 | Lair:1   | Learned a level 4 spell: Olgreb's Toxic Radiance
 11054 | Lair:1   | Reached skill level 7 in Short Blades
 11054 | Lair:1   | Reached skill level 7 in Long Blades
 11054 | Lair:1   | Reached skill level 7 in Maces & Flails
 11054 | Lair:1   | Reached skill level 7 in Polearms
 11054 | Lair:1   | Reached skill level 7 in Staves
 11054 | Lair:1   | Reached skill level 7 in Slings
 11054 | Lair:1   | Reached skill level 7 in Bows
 11054 | Lair:1   | Reached skill level 7 in Crossbows
 11054 | Lair:1   | Reached skill level 7 in Throwing
 11054 | Lair:1   | Reached skill level 7 in Dodging
 11054 | Lair:1   | Reached skill level 7 in Stealth
 11054 | Lair:1   | Reached skill level 7 in Unarmed Combat
 11054 | Lair:1   | Reached skill level 7 in Spellcasting
 11054 | Lair:1   | Reached skill level 7 in Evocations
 11196 | Lair:1   | X - a +1 triple sword of flaming {longrare=g}
 11808 | Lair:2   | Reached skill level 6 in Conjurations
 11808 | Lair:2   | Reached skill level 6 in Hexes
 11808 | Lair:2   | Reached skill level 6 in Summonings
 11808 | Lair:2   | Reached skill level 6 in Necromancy
 11808 | Lair:2   | Reached skill level 6 in Translocations
 11808 | Lair:2   | Reached skill level 6 in Transmutations
 11808 | Lair:2   | Reached skill level 6 in Fire Magic
 11808 | Lair:2   | Reached skill level 6 in Ice Magic
 11808 | Lair:2   | Reached skill level 6 in Air Magic
 11808 | Lair:2   | Reached skill level 6 in Earth Magic
 11808 | Lair:2   | Reached skill level 6 in Poison Magic
 12072 | Lair:2   | Reached skill level 8 in Invocations
 12093 | Lair:2   | Learned a level 4 spell: Fulminant Prism
 12353 | Lair:2   | Reached skill level 10 in Fighting
 12353 | Lair:2   | Reached skill level 10 in Armour
 12353 | Lair:2   | Reached skill level 10 in Shields
 12430 | Lair:2   | Noticed a boulder beetle
 12446 | Lair:2   | Killed a boulder beetle
 12633 | Lair:2   | HP: 14/99 [rime drake/flash freeze (20)]
 12636 | Lair:2   | Reached skill level 9 in Axes
 12755 | Lair:2   | You pick up a book of the Sky and begin reading...
 12755 | Lair:2   | You add the spells Summon Lightning Spire, Storm Form and
                  | Maxwell's Capacitive Coupling to your library.
 12768 | Lair:2   | Noticed an eight-headed hydra
 12770 | Lair:2   | Noticed an eight-headed hydra
 12773 | Lair:2   | Noticed an eight-headed hydra
 12799 | Lair:2   | Killed an eight-headed hydra
 12799 | Lair:2   | Killed an eight-headed hydra
 12799 | Lair:2   | Killed an eight-headed hydra
 12800 | Lair:2   | Reached XP level 13. HP: 39/106 MP: 5/25
 13028 | Lair:2   | Identified the Volume of Torrid Translocation
 13034 | Lair:2   | You add the spells Ignite Poison and Fireball to your
                  | library.
 13685 | Lair:3   | Reached skill level 8 in Short Blades
 13685 | Lair:3   | Reached skill level 8 in Long Blades
 13685 | Lair:3   | Reached skill level 8 in Maces & Flails
 13685 | Lair:3   | Reached skill level 8 in Polearms
 13685 | Lair:3   | Reached skill level 8 in Staves
 13685 | Lair:3   | Reached skill level 8 in Slings
 13685 | Lair:3   | Reached skill level 8 in Bows
 13685 | Lair:3   | Reached skill level 8 in Crossbows
 13685 | Lair:3   | Reached skill level 8 in Throwing
 13685 | Lair:3   | Reached skill level 8 in Dodging
 13685 | Lair:3   | Reached skill level 8 in Stealth
 13685 | Lair:3   | Reached skill level 8 in Unarmed Combat
 13685 | Lair:3   | Reached skill level 8 in Spellcasting
 13685 | Lair:3   | Reached skill level 8 in Evocations
 14579 | Lair:4   | Reached skill level 9 in Invocations
 14693 | Lair:4   | You add the spells Alistair's Intoxication, Borgnjor's Vile
                  | Clutch and Eringya's Noxious Bog to your library.
 14720 | Lair:4   | Found a hole to the Spider Nest.
 14779 | Lair:4   | Found a staircase to the Swamp.
 15470 | Lair:4   | Reached skill level 7 in Conjurations
 15470 | Lair:4   | Reached skill level 7 in Hexes
 15470 | Lair:4   | Reached skill level 7 in Summonings
 15470 | Lair:4   | Reached skill level 7 in Necromancy
 15470 | Lair:4   | Reached skill level 7 in Translocations
 15470 | Lair:4   | Reached skill level 7 in Transmutations
 15470 | Lair:4   | Reached skill level 7 in Fire Magic
 15470 | Lair:4   | Reached skill level 7 in Ice Magic
 15470 | Lair:4   | Reached skill level 7 in Air Magic
 15470 | Lair:4   | Reached skill level 7 in Earth Magic
 15470 | Lair:4   | Reached skill level 7 in Poison Magic
 15713 | Lair:5   | Reached ** piety under Ashenzari
 15950 | Lair:5   | Noticed Snorg
 15965 | Lair:5   | Killed Snorg
 16052 | Lair:5   | You pick up a book of the Earth and begin reading...
 16052 | Lair:5   | You add the spells Leda's Liquefaction, Lee's Rapid
                  | Deconstruction and Statue Form to your library.
 16411 | Lair:5   | Found a viscous altar of Jiyva.
 16411 | Lair:5   | Found a staircase to the Slime Pits.
 17434 | D:11     | Found a staircase to the Orcish Mines.
 17514 | D:11     | Reached skill level 11 in Fighting
 17514 | D:11     | Reached skill level 10 in Axes
 17514 | D:11     | Reached skill level 11 in Armour
 17514 | D:11     | Reached skill level 11 in Shields
 17686 | D:11     | Reached XP level 14. HP: 115/115 MP: 28/28
 18242 | Orc:1    | Entered Level 1 of the Orcish Mines
 18255 | D:11     | HP: 26/115 [orc knight (9)]
 18257 | D:11     | Shot with a bolt by an orc knight

Vanquished Creatures
  Gastronok (D:10)
  Snorg (Lair:5)
  3 boulder beetles
  7 hydras
  4 two-headed ogres
  The ghost of belegose the Skirmisher, a novice DsAM of Hepliaklqana (D:10)
  A swamp dragon (Lair:4)
  An orc knight (Bailey)
  An ugly thing (D:11)
  A cyclops (D:11)
  An elephant (Lair:2)
  A molten gargoyle (Volcano)
  6 black mambas
  Maggie (D:6)
  A gargoyle (Volcano)
  4 rime drakes
  5 komodo dragons (Lair:2)
  An unseen horror (D:10)
  11 cane toads
  A kobold demonologist (D:9)
  3 polar bears
  4 blink frogs (Lair:1)
  3 trolls
  Grinder (D:3)
  4 dream sheep (Lair:5)
  3 wraiths
  5 wyverns
  2 fire elementals (Volcano)
  29 yaks
  3 fire bats (Lair:4)
  2 basilisks
  3 steam dragons
  15 water moccasins
  A black bear (D:4)
  8 orc warriors
  2 necrophages
  4 sky beasts
  7 ogres
  9 wolves
  3 centaurs
  5 kobold brigands
  A phantom (D:4)
  10 bullfrogs
  6 scorpions
  3 gnoll sergeants (D:11)
  4 killer bees (D:8)
  7 wights
  2 howler monkeys (D:7)
  4 electric eels (D:6)
  4 centaur zombies
  A bullfrog zombie (D:7)
  2 jellies
  A centaur skeleton (D:7)
  2 orc priests
  2 bullfrog skeletons
  2 hounds (D:6)
  A gnoll shaman (D:9)
  Jessica (D:3)
  Ijyb (D:3)
  4 iguanas
  5 orc wizards
  A killer bee zombie (D:8)
  2 hound skeletons (D:5)
  A howler monkey zombie (D:10)
  17 gnolls
  5 adders
  A shadow imp (D:6)
  An ufetubus (D:6)
  An adder skeleton (D:4)
  2 worms (Lair:4)
  3 dart slugs
  34 orcs
  3 bats
  2 endoplasms
  4 giant cockroaches
  9 goblins
  6 hobgoblins
  4 jackals (D:1)
  3 quokkas
  5 ball pythons
  4 frilled lizards
  13 kobolds
  4 rats
357 creatures vanquished.

Vanquished Creatures (others)
  9 fulminant prisms
  10 fungi
  17 plants
36 creatures vanquished.

Grand Total: 393 creatures vanquished

Table legend:
 A = Non-vault XP
 B = Vault XP
 C = Vault XP percentage of total XP
 D = Non-vault monster count
 E = Vault monster count
 F = Vault count percentage of total count
                 A         B        C        D         E       F
            +---------+---------+-------+---------+---------+-------
      Total |   37953 |   18498 |  32.8 |     260 |      97 |  27.2
            +---------+---------+-------+---------+---------+-------
        D:1 |      35 |       0 |   0.0 |      21 |       0 |   0.0
        D:2 |       6 |       0 |   0.0 |       4 |       0 |   0.0
        D:3 |      45 |     340 |  88.3 |      13 |       3 |  18.8
        D:4 |     805 |       0 |   0.0 |      22 |       0 |   0.0
        D:5 |     576 |       0 |   0.0 |      10 |       0 |   0.0
        D:6 |    2580 |    1427 |  35.6 |      34 |       3 |   8.1
        D:7 |     967 |       0 |   0.0 |      12 |       0 |   0.0
        D:8 |    1422 |       0 |   0.0 |      15 |       0 |   0.0
        D:9 |    2366 |       7 |   0.3 |      17 |       4 |  19.0
       D:10 |    1205 |    2252 |  65.1 |       4 |       2 |  33.3
       D:11 |    4975 |    1554 |  23.8 |      14 |      20 |  58.8
     Lair:1 |    5203 |       0 |   0.0 |      27 |       0 |   0.0
     Lair:2 |    3905 |    7644 |  66.2 |      14 |      19 |  57.6
     Lair:3 |    4397 |       0 |   0.0 |      17 |       0 |   0.0
     Lair:4 |    4498 |    2339 |  34.2 |      20 |      16 |  44.4
     Lair:5 |    4696 |     917 |  16.3 |      13 |       1 |   7.1
      Orc:1 |     272 |       0 |   0.0 |       3 |       0 |   0.0
     Bailey |       0 |     771 | 100.0 |       0 |      25 | 100.0
    Volcano |       0 |    1247 | 100.0 |       0 |       4 | 100.0
            +---------+---------+-------+---------+---------+-------

Illustrated notes

Table legend:
 A = Kills in this place as a percentage of kills in entire the game.
 B = Kills by you in this place as a percentage of kills by you in the entire game.
 C = Kills by friends in this place as a percentage of kills by friends in the entire game.
 D = Other kills in this place as a percentage of other kills in the entire game.
 E = Experience gained in this place as a percentage of experience gained in the entire game.
 F = Experience gained in this place divided by the number of levels of this place that you have seen.
                   A       B       C       D       E      F
               +-------+-------+-------+-------+-------+----------------------
         Total | 100.0 | 100.0 |   N/A |   N/A | 100.0 | 2822.6
       Dungeon |  55.5 |  55.5 |   N/A |   N/A |  36.4 | 1869.3
          Lair |  35.6 |  35.6 |   N/A |   N/A |  59.5 | 6719.8
  Orcish Mines |   0.8 |   0.8 |   N/A |   N/A |   0.5 | 272.0
        Bailey |   7.0 |   7.0 |   N/A |   N/A |   1.4 | 771.0
       Volcano |   1.1 |   1.1 |   N/A |   N/A |   2.2 | 1247.0
               +-------+-------+-------+-------+-------+----------------------

Table legend: (Time is in decaauts)
 A = Elapsed time spent in this place.
 B = Non-inter-level travel time spent in this place.
 C = Inter-level travel time spent in this place.
 D = Time resting spent in this place.
 E = Time spent auto-exploring this place.
 F = Levels seen in this place.
 G = Mean time per level.
                   A        B        C        D        E       F      G
               +--------+--------+--------+--------+--------+-----+--------+
         Total |  18148 |  16825 |   1323 |   1099 |  11206 |  20 |  907.4 |
       Dungeon |  11147 |  10254 |    893 |    817 |   7087 |  11 | 1013.4 |
        Temple |    261 |    185 |     76 |      0 |    183 |   1 |  261.0 |
          Lair |   5958 |   5604 |    354 |    256 |   3639 |   5 | 1191.6 |
  Orcish Mines |      7 |      7 |      0 |      0 |      0 |   1 |    7.0 |
        Bailey |    350 |    350 |      0 |      0 |    123 |   1 |  350.0 |
       Volcano |    423 |    423 |      0 |     26 |    174 |   1 |  423.0 |
               +--------+--------+--------+--------+--------+-----+--------+

Top non-repeatable levels by time:
  Lair:2: 1886 daAuts
     D:6: 1460 daAuts
    D:11: 1403 daAuts
    D:10: 1183 daAuts
     D:4: 1174 daAuts
  Lair:1: 1143 daAuts
     D:2: 1073 daAuts
  Lair:5: 1052 daAuts
     D:9: 1001 daAuts
     D:3: 997 daAuts
  Lair:4: 971 daAuts
  Lair:3: 904 daAuts
     D:5: 829 daAuts
     D:1: 771 daAuts
     D:8: 673 daAuts
